 Dungeon Crawl Stone Soup version 0.30.0 (webtiles) character file.

Game seed: 17761816822189715235

31472 gregoryzoe the Nimble (level 13, -8/105 HPs)
             Began as a Gnoll Wanderer on Sept 28, 2023.
             Was a Believer of Makhleb.
             Mangled by a tarantella (10 damage)
             ... on level 4 of the Lair of Beasts on Oct 5, 2023.
             The game lasted 03:11:51 (16303 turns).

gregoryzoe the Nimble (Gnoll Wanderer)             Turns: 16303, Time: 03:11:52

Health: -8/105     AC: 14    Str: 16    XL:     13   Next: 58%
Magic:  0/25       EV: 12    Int:  9    God:    Makhleb [**....]
Gold:   1008       SH:  0    Dex: 21    Spells: 17/29 levels left

rFire   x . .        O - +3 short sword (distort)
rCold   + + .        I - +3 kite shield
rNeg    . . .        i - +0 chain mail
rPois   .            (helmet restricted)
rElec   +            n - +0 cloak
rCorr   +            (no gloves)
SInv    .            H - +0 pair of boots
Will    .....        C - amulet of guardian spirit Stlth
                     q - ring of ice
HPRegen 0.37/turn    k - ring "Tiusut" {rElec rC+ Will- rCorr Dex+6}
MPRegen 0.19/turn

%: guardian spirit
@: confused
A: fangs 1, strong nose, distributed training, antennae 1
a: Renounce Religion, Minor Destruction


You were on level 4 of the Lair of Beasts.
You worshipped Makhleb.
Makhleb was pleased with you.
You visited 2 branches of the dungeon, and saw 15 of its levels.

You collected 1008 gold pieces.

Inventory:

Hand Weapons
 o - a +0 short sword of venom
 r - a +1 dire flail of draining
 x - a +0 quarterstaff of freezing
 F - a +0 trident of flaming
 M - a +4 great sword
 O - a +3 short sword of distortion (weapon)
Missiles
 c - 39 poisoned darts
 e - 8 curare-tipped darts
 l - 103 stones
 y - a throwing net
 G - 3 boomerangs
 P - 3 large rocks
Armour
 b - a +2 leather armour
 h - a scarf of shadows
 i - a +0 chain mail (worn)
 m - a +1 helmet
 n - a +0 cloak (worn)
 z - a +3 ring mail
 E - the +1 leather armour "Hoogef" {+Blink rElec MP-9}
   (You found it on level 8 of the Dungeon)

   rElec:     It insulates you from electricity.
   MP:        It affects your magic capacity (-9).
   +Blink:    It lets you blink.
 H - a +0 pair of boots (worn)
 I - a +3 kite shield (worn)
 J - a +1 robe of cold resistance
 Q - the +0 robe of Amelioration {Int+3}
   (You found it on level 1 of the Lair of Beasts)

   Int:       It affects your intelligence (+3).
Jewellery
 f - a ring of ice
 k - the ring "Tiusut" (right hand) {rElec rC+ Will- rCorr Dex+6}
   (You found it on level 1 of the Lair of Beasts)

   [ring of protection from cold]

   Dex:       It affects your dexterity (+6).
   rC:        It protects you from cold.
   rElec:     It insulates you from electricity.
   rCorr:     It protects you from acid and corrosion.
   Will:      It decreases your willpower.
 p - a ring of poison resistance
 q - a ring of ice (left hand)
 t - a ring of resist corrosion
 v - a ring of ice
 B - a ring of willpower
 C - an amulet of guardian spirit (around neck)
 N - a ring of ice
Wands
 j - a wand of digging (6)
 w - a wand of mindburst (2)
 A - a wand of charming (12)
 D - a wand of quicksilver (1)
Scrolls
 d - a scroll of vulnerability
 s - a scroll of silence
Potions
 a - 2 potions of flight
Miscellaneous
 u - a lightning rod (2/4)
 K - a phial of floods (inert) (quivered)


   Skills:
 + Level 10.9 Fighting
 + Level 8.7 Short Blades
 + Level 8.7 Long Blades
 + Level 9.9 Axes
 + Level 8.7 Maces & Flails
 + Level 8.7 Polearms
 + Level 8.7 Staves
 + Level 8.7 Ranged Weapons
 + Level 9.1 Throwing
 + Level 9.1 Armour
 + Level 10.9 Dodging
 + Level 8.7 Stealth
 + Level 8.7 Shields
 + Level 8.7 Unarmed Combat
 + Level 8.7 Spellcasting
 + Level 7.2 Conjurations
 + Level 7.2 Hexes
 + Level 7.2 Summonings
 + Level 7.2 Necromancy
 + Level 7.2 Translocations
 + Level 7.2 Transmutations
 + Level 7.2 Fire Magic
 + Level 7.2 Ice Magic
 + Level 7.2 Air Magic
 + Level 7.2 Earth Magic
 + Level 7.2 Poison Magic
 + Level 9.5 Invocations
 + Level 8.7 Evocations


You had 17 spell levels left.
You knew the following spells:

 Your Spells              Type           Power      Damage    Failure   Level
a - Blink                 Tloc           34%        N/A       26%         2
b - Lesser Beckoning      Tloc           34%        N/A       26%         2
c - Momentum Strike       Conj/Tloc      34%        3d8       26%         2
d - Portal Projectile     Hex/Tloc       34%        N/A       45%         3
e - Tukima's Dance        Hex            17%        N/A       45%         3

Your spell library contained the following spells:

 Spells                   Type           Power      Damage    Failure   Level
 Blade Hands              Tmut           8%         N/A       99%         5


Dungeon Overview and Level Annotations

Branches:
Dungeon (11/15)            Temple (0/1) D:7            Lair (4/5) D:11
 Spider (0/4) Lair:3          Orc (0/2) D:10
  Swamp: Lair:2-3    Shoals: Lair:2-3     Slime: Lair:4-5

Altars:
Elyvilon
Fedhas
Hepliaklqana
Makhleb
Okawaru

Annotations:
D:3 2 transporters, Caterwaul's ghost, amateur HuMo
Lair:3 Nergalle


Innate Abilities, Weirdness & Mutations

You have very sharp teeth.
Your uncanny sense of smell can sniff out nearby items.
Your experience applies equally to all skills.
You have a pair of small antennae on your head.


Message History

You puncture the tarantella!
The tarantella is moderately wounded.
The tarantella blinks!
The bullfrog hits you.
The komodo dragon hisses angrily.
You block the tarantella's attack. The tarantella touches you.
You are confused.
The bullfrog closely misses you.
The tarantella touches you but does no damage.
The bullfrog hits you but does no damage.
You're too confused to move!
The tarantella touches you. The komodo dragon closely misses you.
The bullfrog hits you but does no damage.
The tarantella touches you!
* * * LOW HITPOINT WARNING * * *
The bullfrog misses you. The komodo dragon barely misses you.
The bullfrog barely misses you.
You hit the komodo dragon.
The komodo dragon is lightly wounded.
The komodo dragon blinks!
The tarantella barely misses you. The komodo dragon bites you!
* * * LOW HITPOINT WARNING * * *
You miss the bullfrog. Your bite misses the bullfrog. The bullfrog hits you.
* * * LOW HITPOINT WARNING * * *
The tarantella barely misses you.
The komodo dragon bites you but does no damage.
You barely miss the bullfrog.
The bullfrog hits you but does no damage.
The tarantella misses you.
The komodo dragon attacks as you move away!
The komodo dragon bites you!
* * * LOW HITPOINT WARNING * * *
The tarantella touches you.
* * * LOW HITPOINT WARNING * * *
You are more confused.
The bullfrog hits you.
* * * LOW HITPOINT WARNING * * *
You barely miss the tarantella.
The tarantella is lightly wounded.
The tarantella touches you!
You die...

..... .# .....
..## .....##
...#
.......####...##
.........#......
................
................
.......Fsl......
........@.......
................
................
........l.......
................
................
................
...............


You could see 2 komodo dragons, a tarantella and a bullfrog.

Vanquished Creatures
  Fannar (Lair:2)
  A catoblepas (Lair:1)
  4 two-headed ogres (D:10)
  Sonja (D:10)
  A cyclops (D:10)
  3 elephants (Lair:2)
  3 black mambas
  6 cane toads
  2 kobold demonologists (D:10)
  2 rime drakes (Lair:1)
  3 komodo dragons
  A troll (D:10)
  3 blink frogs (Lair:1)
  A shadow (D:11)
  Sigmund (D:2)
  22 yaks
  4 wyverns
  6 wargs (D:10)
  5 water moccasins
  A hell hound (D:10)
  3 orc warriors (D:10)
  A black bear (D:7)
  An ogre (D:6)
  A centaur (D:10)
  A wolf (Lair:2)
  3 phantoms
  6 kobold brigands
  5 bullfrogs
  A gnoll sergeant (D:10)
  3 scorpions
  2 wights (D:10)
  5 killer bees
  3 howler monkeys
  6 electric eels
  A jelly (D:6)
  4 gnoll boudas (D:10)
  6 orc priests
  4 hounds
  Terence (D:3)
  Jessica (D:3)
  4 iguanas
  2 orc wizards (D:10)
  2 scorpion zombies (D:3)
  A sleepcap (D:6)
  Natasha (thrice) (D:2)
  5 gnolls
  10 adders
  A shadow imp (D:7)
  2 white imps
  3 ufetubi
  An adder skeleton (D:3)
  2 adder zombies (D:3)
  2 worms (D:4)
  2 dart slugs
  28 orcs
  5 ball pythons
  6 endoplasms
  6 giant cockroaches
  11 hobgoblins
  12 jackals
  11 kobolds
  5 quokkas
  A ball python skeleton (D:3)
  5 bats
  7 frilled lizards
  10 goblins
  A quokka skeleton (D:3)
  13 rats
290 creatures vanquished.

Vanquished Creatures (collateral kills)
  A hydra (Lair:2)
  4 two-headed ogres (D:10)
  Lodul (D:10)
  An orc sorcerer (D:10)
  A troll (D:10)
  A hornet (D:7)
  A blink frog (Lair:1)
  5 yaks
  A shadow (D:10)
  A basilisk (Lair:2)
  A steam dragon (D:5)
  3 wargs (D:10)
  A sky beast (D:7)
  8 ogres (D:10)
  3 gnoll sergeants (D:10)
  4 wights (D:10)
  5 killer bees (D:7)
  2 electric eels (Lair:2)
  2 howler monkeys
  An orc priest (D:8)
  3 gnoll boudas
  5 orc wizards
  3 gnolls (D:8)
  6 orcs
64 creatures vanquished.

Vanquished Creatures (others)
  A quokka (D:3)
  A bush (Lair:3)
  21 fungi
  56 plants
  11 toadstools (Lair:1)
90 creatures vanquished.

Grand Total: 444 creatures vanquished

Notes
Turn   | Place    | Note
-------+----------+-------------------------------------------
     0 | D:1      | gregoryzoe the Gnoll Wanderer began the quest for the Orb.
     0 | D:1      | gregoryzoe set off with the following items: a +0 hand axe,
                  | a +2 leather armour, 11 poisoned darts, a +0 dagger, a
                  | scroll of blinking.
     0 | D:1      | Reached XP level 1. HP: 23/23 MP: 1/1
   276 | D:1      | Reached XP level 2. HP: 27/29 MP: 2/2
   888 | D:1      | Reached XP level 3. HP: 34/35 MP: 3/3
   949 | D:1      | Reached skill level 1 in Invocations
  1293 | D:2      | Noticed Natasha
  1303 | D:2      | Killed Natasha
  1304 | D:2      | Reached skill level 1 in Short Blades
  1304 | D:2      | Reached skill level 1 in Long Blades
  1304 | D:2      | Reached skill level 1 in Maces & Flails
  1304 | D:2      | Reached skill level 1 in Polearms
  1304 | D:2      | Reached skill level 1 in Staves
  1304 | D:2      | Reached skill level 1 in Ranged Weapons
  1304 | D:2      | Reached skill level 1 in Stealth
  1304 | D:2      | Reached skill level 1 in Shields
  1304 | D:2      | Reached skill level 1 in Unarmed Combat
  1304 | D:2      | Reached skill level 1 in Spellcasting
  1304 | D:2      | Reached skill level 1 in Evocations
  1304 | D:2      | Reached XP level 4. HP: 34/41 MP: 5/5
  1363 | D:2      | Noticed Natasha
  1372 | D:2      | Killed Natasha
  1373 | D:2      | Reached skill level 1 in Conjurations
  1373 | D:2      | Reached skill level 1 in Hexes
  1373 | D:2      | Reached skill level 1 in Summonings
  1373 | D:2      | Reached skill level 1 in Necromancy
  1373 | D:2      | Reached skill level 1 in Translocations
  1373 | D:2      | Reached skill level 1 in Transmutations
  1373 | D:2      | Reached skill level 1 in Fire Magic
  1373 | D:2      | Reached skill level 1 in Ice Magic
  1373 | D:2      | Reached skill level 1 in Air Magic
  1373 | D:2      | Reached skill level 1 in Earth Magic
  1373 | D:2      | Reached skill level 1 in Poison Magic
  1378 | D:2      | Noticed Natasha
  1389 | D:2      | Killed Natasha
  1390 | D:2      | Reached XP level 5. HP: 31/47 MP: 5/7
  2026 | D:2      | Noticed Sigmund
  2043 | D:2      | Killed Sigmund
  2044 | D:2      | Reached skill level 5 in Axes
  2044 | D:2      | Reached XP level 6. HP: 18/53 MP: 7/9
  2388 | D:2      | Found a faded altar of an unknown god.
  2395 | D:2      | Prayed at the altar of an unknown god.
  2395 | D:2      | Became a worshipper of Makhleb the Destroyer
  2395 | D:2      | Reached * piety under Makhleb
  2801 | D:3      | Noticed Jessica
  2956 | D:3      | Killed Jessica
  2957 | D:3      | Reached XP level 7. HP: 57/60 MP: 10/10
  3038 | D:3      | Found a transporter.
  3038 | D:3      | Noticed Caterwaul's ghost (amateur HuMo)
  3067 | D:3      | Found a transporter.
  3179 | D:3      | Noticed Terence
  3182 | D:3      | Reached ** piety under Makhleb
  3192 | D:3      | Killed Terence
  3253 | D:3      | Found a white marble altar of Elyvilon.
  3496 | D:3      | Found an iron altar of Okawaru.
  4122 | D:4      | Reached XP level 8. HP: 66/67 MP: 12/12
  4134 | D:4      | Reached *** piety under Makhleb
  4157 | D:4      | You fall into a shaft and drop 2 floors!
  4730 | D:5      | Entered Level 5 of the Dungeon
  4741 | D:5      | Found a hazy altar of Hepliaklqana.
  4806 | D:5      | Found a blossoming altar of Fedhas.
  6413 | D:6      | Reached XP level 9. HP: 69/73 MP: 14/14
  6652 | D:7      | Noticed a hornet
  6664 | D:7      | Killed a hornet
  6847 | D:7      | Reached skill level 5 in Throwing
  6847 | D:7      | Reached skill level 5 in Armour
  7240 | D:7      | Reached skill level 5 in Invocations
  7355 | D:7      | Found a staircase to the Ecumenical Temple.
  7497 | D:7      | Learned a level 2 spell: Blink
  8017 | D:8      | Identified the +1 leather armour "Hoogef" {+Blink rElec
                  | MP-9}
  8054 | D:8      | Reached skill level 5 in Short Blades
  8054 | D:8      | Reached skill level 5 in Long Blades
  8054 | D:8      | Reached skill level 5 in Maces & Flails
  8054 | D:8      | Reached skill level 5 in Polearms
  8054 | D:8      | Reached skill level 5 in Staves
  8054 | D:8      | Reached skill level 5 in Ranged Weapons
  8054 | D:8      | Reached skill level 5 in Stealth
  8054 | D:8      | Reached skill level 5 in Shields
  8054 | D:8      | Reached skill level 5 in Unarmed Combat
  8054 | D:8      | Reached skill level 5 in Spellcasting
  8054 | D:8      | Reached skill level 5 in Evocations
  8054 | D:8      | Reached XP level 10. HP: 73/81 MP: 13/17
  8548 | D:8      | Reached **** piety under Makhleb
  8867 | D:8      | Learned a level 2 spell: Lesser Beckoning
  8870 | D:8      | Learned a level 2 spell: Momentum Strike
  8922 | D:10     | Entered Level 10 of the Dungeon
  8950 | D:10     | Found a staircase to the Orcish Mines.
  8950 | D:10     | Noticed Lodul
  8968 | D:10     | Killed Lodul
  9171 | D:10     | Found a burning altar of Makhleb.
  9222 | D:10     | Noticed a two-headed ogre
  9228 | D:10     | Killed a two-headed ogre
  9231 | D:10     | Reached skill level 5 in Conjurations
  9231 | D:10     | Reached skill level 5 in Hexes
  9231 | D:10     | Reached skill level 5 in Summonings
  9231 | D:10     | Reached skill level 5 in Necromancy
  9231 | D:10     | Reached skill level 5 in Translocations
  9231 | D:10     | Reached skill level 5 in Transmutations
  9231 | D:10     | Reached skill level 5 in Fire Magic
  9231 | D:10     | Reached skill level 5 in Ice Magic
  9231 | D:10     | Reached skill level 5 in Air Magic
  9231 | D:10     | Reached skill level 5 in Earth Magic
  9231 | D:10     | Reached skill level 5 in Poison Magic
  9233 | D:10     | Reached XP level 11. HP: 67/89 MP: 9/20
  9246 | D:10     | Noticed a two-headed ogre
  9248 | D:10     | Noticed a two-headed ogre
  9253 | D:10     | Killed a two-headed ogre
  9256 | D:10     | Killed a two-headed ogre
  9411 | D:10     | Noticed a two-headed ogre
  9423 | D:10     | Killed a two-headed ogre
  9668 | D:10     | Noticed a two-headed ogre
  9682 | D:10     | Killed a two-headed ogre
  9810 | D:10     | Noticed a cyclops
  9810 | D:10     | Noticed Sonja
  9818 | D:10     | Killed Sonja
  9819 | D:10     | Killed a cyclops
 10275 | D:10     | Noticed a two-headed ogre
 10407 | D:10     | Noticed a two-headed ogre
 10414 | D:10     | Killed a two-headed ogre
 10418 | D:10     | Noticed a two-headed ogre
 10423 | D:10     | Noticed an orc sorcerer
 10606 | D:9      | Gained mutation: You have extremely sharp teeth. [potion of
                  | mutation]
 10606 | D:9      | Lost mutation: You have extremely sharp teeth. [potion of
                  | mutation]
 10606 | D:9      | Gained mutation: You have a pair of small antennae on your
                  | head. [potion of mutation]
 10631 | D:10     | Killed a two-headed ogre
 10632 | D:10     | Reached XP level 12. HP: 85/97 MP: 11/22
 10671 | D:10     | Killed a two-headed ogre
 10740 | D:10     | Noticed a soul eater
 10745 | D:10     | Paralysed by an orc sorcerer for 5 turns
 11277 | D:10     | Learned a level 3 spell: Portal Projectile
 11281 | D:10     | Learned a level 3 spell: Tukima's Dance
 11351 | D:10     | Reached skill level 10 in Fighting
 11351 | D:10     | Reached skill level 10 in Dodging
 11951 | D:11     | Found a staircase to the Lair.
 12070 | Lair:1   | Entered Level 1 of the Lair of Beasts
 12076 | Lair:1   | Noticed a death yak
 12085 | Lair:1   | Banished a death yak
 12905 | Lair:1   | Identified the +0 robe of Amelioration {Int+3}
 13041 | Lair:1   | Noticed a catoblepas
 13061 | Lair:1   | Found a runed translucent door.
 13631 | Lair:1   | Killed a catoblepas
 13632 | Lair:1   | Reached XP level 13. HP: 65/104 MP: 14/25
 13887 | Lair:1   | Identified the ring "Tiusut" {rElec rC+ Will- rCorr Dex+6}
 14300 | Lair:2   | Noticed Fannar
 15810 | Lair:2   | Killed Fannar
 16272 | Lair:3   | Found a hole to the Spider Nest.
 16272 | Lair:3   | Noticed Nergalle
 16302 | Lair:4   | HP: 3/105 [tarantella (5)]
 16303 | Lair:4   | Mangled by a tarantella

Illustrated notes

Levels and vault maps discovered:
D:1:      heliophobic_arrival_henge, layout_basic
D:2:      layout_basic, dilly_ecumenical_altar_fadedgnrine,
          minmay_joined_circles, uniq_sigmund, uniq_natasha
D:3:      layout_loops_ring, elyvilon_altar_4, mainiacjoe_overflow_alcove_1,
          gammafunk_ghost_arena, serial_undead, serial_undead_e,
          serial_undead_d, serial_undead_a, serial_undead_c, minmay_surrounded,
          uniq_terence, uniq_jessica
D:4:      nicolae_cairo_tiling_very_big, layout_cave_pools,
          lexackson_kobold_supper
D:5:      layout_cave_pools, grunt_temple_overflow_open
D:6:      layout_basic, chequers_serial_rivers_marsh
D:7:      layout_cave_pods, minmay_temple_entry_statues_fountains
D:8:      layout_basic, serial_bayou_ford_a, nicolae_water_bricks
D:9:      minmay_diamond_stairs, layout_small_grid,
          mainiacjoe_overflow_small_starburst, enter_bailey_7,
          nicolae_shop_i_like_big_books
D:10:     lemuel_castle_with_subvaults [lemuel_castle_interior_carwin_3],
          layout_irregular_city, lightli_temple_of_fire, orc_0_dummy,
          lightli_minifort, uniq_sonja, uniq_lodul
D:11:     layout_basic, david_lair_shrubbed,
          ploomutoo_gammafunk_ghost_potion_laboratory,
          makhleb_altar_promises_db, uniq_maurice
Lair:1:   gammafunk_lair_enchanted_lake, layout_gridlike,
          nicolae_lair_grove_arrangements
Lair:2:   nzn_winding_woodlands_stair_trap
          [nzn_winding_woodlands_5x15_pathside_ponds,
          nzn_winding_woodlands_5x15_sawtooth,
          nzn_winding_woodlands_5x15_parted,
          nzn_winding_woodlands_15x15_eel_pit,
          nzn_winding_woodlands_5x15_default, nzn_winding_woodlands_5x15_pool,
          nzn_winding_woodlands_5x15_crooked], layout_layer_cave,
          serial_bayou_shore_a, uniq_fannar
Lair:3:   layout_loops_ring, elwin_shoals_entry_stream,
          nicolae_spider_entry_lesser_pyramids, st_stairs_7, uniq_nergalle
Lair:4:   layout_hall_layers, lemuel_oklob_altar

Skill      XL: |  1  2  3  4  5  6  7  8  9 10 11 12 13 |
---------------+----------------------------------------+-----
Invocations    | 1 2 3 4 5 6 7 8 9 |  9.5
Short Blades   | 1 2 3 5 6 7 8 |  8.7
Long Blades    | 1 2 3 5 6 7 8 |  8.7
Maces & Flails | 1 2 3 5 6 7 8 |  8.7
Polearms       | 1 2 3 5 6 7 8 |  8.7
Staves         | 1 2 3 5 6 7 8 |  8.7
Ranged Weapons | 1 2 3 5 6 7 8 |  8.7
Stealth        | 1 2 3 5 6 7 8 |  8.7
Shields        | 1 2 3 5 6 7 8 |  8.7
Unarmed Combat | 1 2 3 5 6 7 8 |  8.7
Spellcasting   | 1 2 3 5 6 7 8 |  8.7
Evocations     | 1 2 3 5 6 7 8 |  8.7
Conjurations   | 1 2 3 4 5 6 7 |  7.2
Hexes          | 1 2 3 4 5 6 7 |  7.2
Summonings     | 1 2 3 4 5 6 7 |  7.2
Necromancy     | 1 2 3 4 5 6 7 |  7.2
Translocations | 1 2 3 4 5 6 7 |  7.2
Transmutations | 1 2 3 4 5 6 7 |  7.2
Fire Magic     | 1 2 3 4 5 6 7 |  7.2
Ice Magic      | 1 2 3 4 5 6 7 |  7.2
Air Magic      | 1 2 3 4 5 6 7 |  7.2
Earth Magic    | 1 2 3 4 5 6 7 |  7.2
Poison Magic   | 1 2 3 4 5 6 7 |  7.2
Throwing       | 3 4 5 6 7 8 9 |  9.1
Armour         | 3 4 5 6 7 8 9 |  9.1
Axes           | 5 6 7 8 9 |  9.9
Fighting       | 7 8 9 10 | 10.9
Dodging        | 7 8 9 10 | 10.9

Action                     |  1- 3 |  4- 6 |  7- 9 | 10-12 | 13-15 || total
---------------------------+-------+-------+-------+-------+-------++-------
  Melee: Hand axe          |   105 |    34 |       |       |       ||   139
         Bite              |     8 |     9 |    30 |    51 |    51 ||   149
         Punch             |     1 |       |       |     1 |       ||     2
         Quarterstaff      |       |   127 |   172 |       |       ||   299
         Trident           |       |       |   126 |    29 |       ||   155
         Short sword       |       |       |       |   391 |   280 ||   671
         Dire flail        |       |       |       |    20 |       ||    20
         Great sword       |       |       |       |     2 |       ||     2
  Throw: Dart              |    11 |    10 |    39 |    68 |       ||   128
         Throwing net      |       |       |     1 |       |       ||     1
         Boomerang         |       |       |       |    16 |       ||    16
   Cast: Blink             |       |       |     1 |     3 |     1 ||     5
         Portal Projectile |       |       |       |     3 |       ||     3
         Tukima's Dance    |       |       |       |     1 |       ||     1
 Invoke: Minor Destruction |       |       |   122 |    38 |     1 ||   161
         Lesser Servant of |       |       |     9 |    28 |     5 ||    42
         Major Destruction |       |       |       |     2 |       ||     2
Ability: Evoke Blink       |       |       |       |     2 |       ||     2
  Evoke: Wand              |       |     1 |     3 |    53 |     7 ||    64
         Lightning rod     |       |       |       |       |     2 ||     2
         Phial of floods   |       |       |       |       |     1 ||     1
    Use: Scroll            |     1 |     4 |     7 |    11 |     6 ||    29
         Potion            |       |     3 |     1 |     9 |     6 ||    19
   Stab: Distracted        |       |       |     1 |     5 |     1 ||     7
 Armour: Leather armour    |    14 |       |       |    23 |       ||    37
         Chain mail        |    36 |   127 |   146 |    61 |    86 ||   456
  Dodge: Dodged            |    72 |   122 |   151 |   175 |   127 ||   647
  Block: Kite shield       |       |       |       |   190 |   214 ||   404
